Map: Catalyst LE

Players

BlueCheese - Winner!

  • Race: Terran Terran
  • Spawn Location: 5:00

RagnaroK (SHIN)

  • Race: Zerg Zerg
  • Spawn Location: 11:00

Event: IEM Season 12 - Katowice

VOD

Have the link to the VOD?

Description

Time

  • Played on: Feb. 27, 2018, 10:52 a.m.
  • Length: 12:12

All games in this series

Show
View Real Time Build Order
Export as new Build Order

BlueCheese Terran - Winner!

Build Orders: Reaper Expand, Bio Tank 

Get SALT Encoding   

  12  0:00  SCV  
  13  0:12  SCV  
  14  0:17  Supply Depot  
  14  0:24  SCV  
  15  0:39  SCV  
  15  0:40  Barracks  
  16  0:46  Refinery  
  16  0:51  SCV  
  17  1:03  SCV  
  18  1:15  SCV  
  19  1:28  Orbital Command  
  19  1:29  Reaper  
  20  1:41  Command Center  
  20  1:51  Supply Depot  
  20  1:54  SCV  
  21  2:01  Marine  
  22  2:06  SCV, Refinery  
  23  2:14  Factory  
  23  2:18  SCV  
  24  2:24  Barracks Reactor  
  24  2:30  SCV  
  25  2:42  SCV  
  26  2:53  Orbital Command  
  26  2:54  SCV  
  27  3:00  Starport  
  27  3:06  Hellion x2, SCV  
  27  3:09  Barracks Tech Lab  
  32  3:18  SCV  
  32  3:19  SCV  
  34  3:27  Hellion x2  
  34  3:30  SCV  
  34  3:32  SCV  
  40  3:43  SCV  
  40  3:44  Supply Depot x2, SCV, Viking  
  44  3:54  Hellion  
  46  4:05  SCV x2  
  46  4:06  Hellion  
  50  4:16  Barracks Tech Lab  
  50  4:17  SCV x2  
  50  4:19  Command Center  
  52  4:25  Raven  
  52  4:29  SCV  
  52  4:30  SCV  
  56  4:37  Marine  
  56  4:38  Stimpack  
  57  4:41  Supply Depot  
  57  4:42  SCV, Barracks  
  57  4:43  Barracks  
  57  4:44  SCV  
  59  4:53  Engineering Bay  
  59  4:54  SCV, Engineering Bay  
  59  4:55  Marine  
  59  4:58  Factory Reactor  
  59  4:59  SCV  
  61  5:06  SCV  
  61  5:09  Bunker  
  61  5:11  SCV  
  61  5:13  Marine  
  63  5:18  Starport Reactor, SCV  
  63  5:19  Siege Tank  
  67  5:21  Terran Infantry Armor Level 1  
  67  5:24  SCV  
  67  5:25  Refinery  
  67  5:26  Refinery  
  68  5:30  SCV, Terran Infantry Weapons Level 1  
  68  5:34  Barracks Reactor  
  68  5:35  Marine x2  
  69  5:36  SCV  
  69  5:42  SCV  
  73  5:43  SCV  
  73  5:45  Barracks  
  73  5:46  Barracks  
  73  5:48  SCV  
  75  5:50  Marine  
  75  5:53  Marine  
  75  5:55  Marine  
  75  5:56  Medivac  
  80  6:00  Orbital Command  
  80  6:01  SCV x2  
  81  6:07  Medivac  
  81  6:08  Marine  
  81  6:11  Supply Depot, Marine  
  84  6:13  Marine  
  84  6:14  Supply Depot  
  84  6:15  SCV x2  
  88  6:21  Marine x2  
  86  6:27  SCV x3  
  85  6:37  Barracks Reactor  
  85  6:38  Barracks Reactor, Orbital Command, Marine x2  
  85  6:39  SCV x2, Marine x2  
  87  6:46  Supply Depot  
  87  6:49  Marine, Medivac x2  
  87  6:51  SCV x2  
  94  6:56  Marine x2  
  94  6:58  Marine x2  
  98  7:03  SCV x2  
  98  7:06  Marine  
  101  7:08  SCV  
  101  7:12  Combat Shields  
  101  7:13  Marine  
  101  7:14  Marine x3  
  101  7:15  Supply Depot x2, SCV x2  
  108  7:16  Marine x2  
  108  7:21  Marine x2  
  111  7:25  Siege Tank  
  111  7:29  Factory  
  114  7:33  Marine x3  
  114  7:36  Marine x2  
  119  7:42  SCV x2  
  119  7:43  Refinery  
  121  7:44  Supply Depot, Refinery  
  121  7:46  Supply Depot  
  121  7:52  Armory  
  121  7:53  Command Center  
  121  7:59  Marine x4  
  121  8:00  Supply Depot, Medivac x2  
  121  8:02  Marine x2  
  131  8:11  Marine x3  
  131  8:12  Supply Depot x2  
  134  8:21  Marine x2  
  134  8:24  Barracks  
  134  8:25  Siege Tank  
  134  8:26  Marine x2, Barracks  
  140  8:29  Barracks  
  140  8:33  Factory Tech Lab  
  141  8:36  Marine x4  
  145  8:44  Marine x2  
  145  8:45  Marine x2  
  145  8:56  Terran Infantry Armor Level 2, Terran Infantry Weapons Level 2  
  145  8:57  Siege Tank  
  145  8:59  Marine x2, Marauder  
  147  9:03  Medivac x2  
  147  9:05  Marine x3  
  147  9:06  Marine x2  
  151  9:10  SCV  
  151  9:11  SCV  
  151  9:12  Supply Depot  
  151  9:13  Barracks Tech Lab x2  
  151  9:16  SCV  
  154  9:20  Barracks Tech Lab  
  154  9:21  Marine x2, Marauder  
  154  9:22  Siege Tank  
  154  9:23  SCV x2  
  163  9:27  Marine x3  
  163  9:28  SCV  
  163  9:29  Planetary Fortress  
  167  9:33  Siege Tank  
  170  9:41  Marine, Marauder  
  170  9:42  Marine, Marauder x3  
  178  9:46  Marine x2  
  178  9:48  SCV  
  178  9:49  SCV  
  182  9:55  Marine  
  183  10:03  Marauder x3  
  183  10:04  Marauder  
  183  10:06  Marine x2  
  183  10:09  Marine  
  183  10:10  Marine  
  180  10:16  Marine x2  
  180  10:19  Siege Tank  
  180  10:21  Marine x2  
  185  10:24  Marine, Marauder x3  
  185  10:25  Marauder  
  196  10:34  Marine  
  196  10:35  Marine x2  
  195  10:37  Marine  
  195  10:39  Siege Tank, Marine x3  
  195  10:42  Marine  
  194  10:46  Marauder  
  196  10:53  Marauder  
  196  10:55  Marine x4  
  196  10:56  Medivac  
  196  10:58  Marine  
  196  10:59  Unknown x2  
  196  11:05  Marine  
  196  11:06  Marine x2  
  196  11:09  Marauder  
  196  11:17  Marine, Refinery  
  196  11:20  Marine  
  196  11:23  Marine  
  196  11:39  Refinery  
  196  11:43  Marauder  
  196  11:47  Unknown x2  
  196  11:49  Marine  
Show
View Real Time Build Order
Export as new Build Order

RagnaroK Zerg 

Build Orders: Hatch First 

Get SALT Encoding   

  12  0:00  Drone  
  13  0:12  Overlord  
  13  0:17  Drone  
  14  0:30  Drone x2  
  14  0:35  Drone  
  17  0:51  Hatchery  
  17  0:54  Drone  
  17  0:58  Drone  
  18  1:09  Extractor  
  17  1:13  Spawning Pool  
  17  1:15  Drone  
  17  1:19  Drone  
  18  1:28  Drone  
  19  1:39  Overlord  
  19  2:01  Queen, Zergling x4  
  21  2:03  Queen  
  21  2:04  Zergling x2  
  21  2:08  Metabolic Boost  
  26  2:12  Drone  
  26  2:14  Drone  
  28  2:22  Drone  
  29  2:26  Drone  
  30  2:33  Drone  
  31  2:39  Hatchery  
  31  2:43  Drone  
  31  2:47  Overlord  
  31  2:52  Drone  
  31  2:53  Drone  
  31  2:57  Drone  
  34  3:03  Queen  
  36  3:11  Drone x4  
  36  3:12  Drone  
  41  3:16  Overlord  
  41  3:21  Drone x2  
  41  3:22  Drone  
  44  3:32  Roach Warren, Overlord  
  43  3:35  Drone  
  43  3:36  Drone  
  43  3:41  Queen  
  47  3:49  Drone x4  
  47  3:53  Queen  
  53  3:56  Overlord  
  53  3:58  Extractor  
  53  3:59  Zergling x2  
  53  4:01  Zergling x2  
  54  4:03  Zergling x2  
  55  4:10  Drone  
  55  4:11  Drone x3  
  55  4:15  Overlord  
  59  4:18  Lair  
  59  4:25  Roach x2  
  59  4:26  Roach  
  59  4:29  Overlord  
  65  4:34  Roach  
  65  4:35  Roach x2  
  71  4:38  Drone  
  71  4:39  Drone  
  71  4:42  Spore Crawler  
  71  4:45  Drone x2  
  73  4:47  Overlord x2  
  73  4:51  Spore Crawler  
  72  4:53  Spore Crawler  
  71  5:00  Drone x4  
  71  5:03  Drone x2  
  77  5:07  Drone  
  77  5:08  Drone x4  
  82  5:15  Overseer  
  82  5:19  Evolution Chamber, Drone  
  82  5:20  Evolution Chamber  
  81  5:23  Overlord  
  81  5:24  Drone x3, Extractor  
  81  5:25  Drone  
  81  5:28  Overlord  
  84  5:34  Drone x2  
  84  5:35  Drone  
  87  5:36  Glial Reconstitution  
  87  5:37  Drone  
  87  5:40  Drone x2  
  87  5:41  Overlord  
  90  5:45  Infestation Pit  
  90  5:47  Drone x4  
  93  5:50  Extractor x2  
  93  5:53  Drone  
  93  5:54  Drone  
  93  5:55  Drone x3  
  93  5:56  Drone  
  96  5:58  Drone  
  96  6:00  Drone  
  96  6:01  Drone  
  96  6:04  Queen  
  96  6:09  Zerg Melee Weapons Level 1, Zerg Ground Armor Level 1  
  98  6:13  Baneling Nest  
  98  6:16  Evolution Chamber  
  86  6:26  Drone x3  
  86  6:27  Drone x3  
  86  6:30  Drone x2  
  86  6:31  Drone x3  
  91  6:38  Drone x2  
  94  6:40  Drone x5  
  94  6:44  Overlord  
  98  6:56  Hive, Zergling x6  
  98  6:57  Hatchery  
  98  6:58  Ravager x3  
  101  7:02  Zergling x8  
  101  7:08  Centrifical Hooks  
  105  7:10  Overlord, Swarm Host  
  105  7:12  Roach  
  105  7:13  Ravager  
  111  7:18  Zergling x6  
  113  7:23  Extractor  
  113  7:27  Zergling x4  
  113  7:29  Overlord  
  113  7:31  Hatchery  
  113  7:32  Zergling x12  
  118  7:37  Roach  
  118  7:40  Roach  
  118  7:41  Overlord x2  
  121  7:44  Hatchery  
  121  7:46  Overlord  
  121  7:49  Roach, Zergling x6  
  121  7:51  Zergling x2  
  126  7:55  Zergling x2  
  126  7:56  Roach  
  129  7:59  Overlord x3  
  129  8:06  Hatchery  
  129  8:09  Zerg Ground Armor Level 2, Zerg Melee Weapons Level 2  
  129  8:11  Zergling x8  
  131  8:17  Drone x2  
  131  8:18  Drone x5  
  138  8:20  Drone  
  138  8:26  Ultralisk Cavern  
  138  8:27  Drone  
  138  8:28  Drone x2  
  138  8:29  Drone  
  138  8:31  Zergling x2  
  143  8:37  Roach  
  143  8:41  Overlord  
  145  8:44  Zergling x14, Hatchery  
  145  8:47  Zergling x4  
  151  8:52  Queen  
  151  8:55  Extractor  
  147  9:00  Drone x4  
  137  9:03  Drone  
  137  9:04  Drone x3  
  137  9:06  Drone x2  
  137  9:08  Drone  
  137  9:09  Drone x2  
  143  9:14  Ultralisk Cavern, Zergling x2  
  143  9:16  Baneling  
  143  9:17  Baneling x6  
  143  9:18  Zergling x6  
  143  9:20  Zergling x4  
  143  9:21  Zergling x2  
  143  9:23  Ravager x2, Overlord  
  152  9:24  Zergling x4  
  152  9:26  Baneling x3  
  152  9:27  Zergling x4  
  152  9:28  Zergling x2  
  152  9:30  Zergling x2  
  157  9:36  Overlord, Zergling x2  
  157  9:37  Zergling x2  
  157  9:38  Baneling x4  
  159  9:49  Adrenal Glands, Overlord  
  159  9:55  Zergling x4  
  159  9:57  Zergling x20  
  159  9:58  Zergling x2  
  172  10:00  Baneling x11  
  172  10:01  Zergling x2  
  172  10:03  Zergling x2  
  172  10:06  Zergling x6  
  169  10:07  Zergling x2  
  169  10:08  Zergling x2  
  169  10:11  Zergling x4  
  169  10:12  Zergling x2  
  161  10:16  Zergling x4  
  160  10:24  Chitinous Plating  
  160  10:26  Overlord  
  160  10:28  Ultralisk, Zergling x2  
  150  10:38  Zergling x4  
  150  10:39  Zergling x12  
  153  10:46  Drone x3  
  149  10:54  Zergling x10  
  143  11:00  Ultralisk, Zergling x4  
  143  11:01  Zergling x6  
  145  11:07  Zergling x4  
  145  11:08  Zergling x2  
  138  11:24  Hatchery  
  135  11:29  Queen  
  138  11:32  Zergling x2  
  138  11:33  Zergling x4  
  138  11:34  Hatchery  
  138  11:38  Viper x2  
  141  11:44  Zergling x2  
  141  11:45  Zergling x10  
  148  11:52  Zergling x12  

Tags
 
Add a new tag
Caveats
  • Supply blocks, unpowered buildings, or Contaminate may cause inaccurate times.
  • Supply counts are checked every 10 seconds.